 Dungeon Crawl Stone Soup version 0.23-a0-619-g281719c (webtiles) character file.

1568 Azzok the Grappler (level 8, -11/58 HPs)
             Began as a Demonspawn Fighter on Dec 22, 2018.
             Was a Follower of Cheibriados.
             Mangled by an orc warrior
             ... wielding a +0 scimitar
              (16 damage)
             ... on level 6 of the Dungeon.
             The game lasted 00:08:45 (7540 turns).

Azzok the Grappler (Demonspawn Fighter)             Turns: 7540, Time: 00:08:46

Health: -11/58     AC: 13    Str: 19    XL:     8   Next: 59%
Magic:  0/21       EV:  4    Int: 19    God:    Cheibriados [*.....]
Gold:   330        SH:  9    Dex: 15    Spells: 6/7 levels left

rFire    . . .     SeeInvis .     - Unarmed
rCold    . . .     Gourm    .   b - +0 shield
rNeg     . . .     Faith    .   o - +0 chain mail
rPois    .         Spirit   +   q - +1 helmet "Hoiwk" {*Drain +Blink rElec Int+3}
rElec    +         Reflect  .   (no cloak)
rCorr    +         Harm     .   (no gloves)
MR       .....                  (no boots)
Stlth    ..........             k - amulet of guardian spirit
HPRegen  0.19/turn              r - ring of resist corrosion
MPRegen  0.17/turn              s - ring of magical power

@: very slow
A: hooves 2, iridescent scales 1
a: Bend Time, Renounce Religion, Evoke Blink


You were on level 6 of the Dungeon.
You worshipped Cheibriados.
Cheibriados was aware of your devotion.
You were not hungry.

You visited 2 branches of the dungeon, and saw 7 of its levels.

You collected 330 gold pieces.

Inventory:

Hand Weapons
 n - a +0 dagger of venom
Armour
 b - a +0 shield (worn)
 o - a +0 chain mail (worn)
 q - the +1 helmet "Hoiwk" (worn) {*Drain +Blink rElec Int+3}
   (You took it off Robin on level 3 of the Dungeon)

   It affects your intelligence (+3).
   It insulates you from electricity.
   It lets you blink.
   It causes draining when unequipped.
Jewellery
 k - an amulet of guardian spirit (around neck)
 r - a ring of resist corrosion (left hand)
 s - a ring of magical power (right hand)
Scrolls
 a - a scroll of fear {unknown}
 f - 4 scrolls of teleportation {unknown}
 g - 4 scrolls of remove curse {unknown}
 h - 3 scrolls of magic mapping {unknown}
 i - 5 scrolls of identify {unknown}
 l - a scroll of amnesia {unknown}
 p - 3 scrolls of enchant weapon {unknown}
 v - a scroll of blinking {unknown}
 w - a scroll of fog {unknown}
Potions
 c - 2 potions of might
 e - 4 potions of curing {unknown}
 j - a potion of haste {unknown}
 m - 2 potions of invisibility {unknown}
 t - 2 potions of resistance {unknown}
 u - a potion of magic {unknown}
 x - a potion of agility {unknown}
Comestibles
 d - 14 rations
 z - a chunk of flesh


   Skills:
 - Level 3.0 Fighting
 - Level 2.6 Armour
 - Level 2.6 Shields
 + Level 9.1 Unarmed Combat
 + Level 6.0 Invocations


You had 6 spell levels left.
You knew the following spells:

 Your Spells              Type           Power        Failure   Level  Hunger
a - Confusing Touch       Hex            #.....       100%        1    ##.....

Your spell library contained the following spells:

 Spells                   Type           Power        Failure   Level  Hunger
 Animate Skeleton         Necr           N/A          100%        1    ##.....
 Apportation              Tloc           #.....       100%        1    ##.....
 Summon Small Mammal      Summ           #...         100%        1    ##.....


Dungeon Overview and Level Annotations

Branches:
Dungeon (6/15)             Temple (1/1) D:4

Altars:
Ashenzari
Cheibriados
Dithmenos
Fedhas
Hepliaklqana
Kikubaaqudgha
Makhleb
Nemelex Xobeh
Okawaru
Ru
Sif Muna
Trog
Uskayaw
Vehumet
Wu Jian
Xom
Yredelemnul
Zin
The Shining One

Shops:
D:5 *


Innate Abilities, Weirdness & Mutations

You have hoof-like feet.
You are partially covered in iridescent scales. (AC +2)


Message History

You punch the orc priest! You kick the orc priest.
You kill the orc priest!
Cheibriados appreciates the change of pace.
The orc wizard hits you but does no damage.
You block the orc warrior's attack.
The orc wizard hits you with a +0 dagger.
The orc warrior hits you with a +0 scimitar!
* * * LOW HITPOINT WARNING * * *
You see here a +0 falchion.
You closely miss the orc wizard.
The orc wizard hits you but does no damage.
You punch the orc wizard!
You kill the orc wizard!
Cheibriados thoroughly appreciates the change of pace.
Your Invocations skill increases to level 6!
The orc warrior hits you with a +0 scimitar!
* * * LOW MAGIC WARNING * * *;
* * * LOW HITPOINT WARNING * * *
The orc warrior hits you with a +0 scimitar!!
* * * LOW MAGIC WARNING * * *
You die...

▒·▒▒▒
▒▒·▒·▒▒▒▒▒
▒%·······▒··
···▒▒
▒········'··
···'·
▒·····▒▒·▒·
··▒▒
▒▒····▒▒
▒·····▒
▒▒··)o▒
▒··▒@▒
▒·▒▒·▒ ▒·
··· ▒▒▒▒·▒▒
▒·· ▒▒▒ ▒··▒
···


You could see an orc warrior.

Vanquished Creatures
  A phantom (D:5)
  4 ice beasts
  A sky beast (D:6)
  A centaur (D:6)
  A bullfrog (D:6)
  2 crimson imps (D:5)
  4 orc priests
  2 hounds (D:6)
  6 orc wizards
  A centaur skeleton (D:4)
  Ijyb (D:3)
  Terence (D:3)
  3 iguanas
  A worker ant (D:5)
  A worker ant zombie (D:6)
  Robin (D:3)
  4 gnolls (D:3)
  7 adders
  2 oozes
  An adder zombie (D:6)
  An adder skeleton (D:5)
  2 worms
  3 dart slugs
  A leopard gecko (D:3)
  12 orcs
  3 giant cockroaches
  18 goblins
  15 hobgoblins
  13 jackals
  7 quokkas
  A ball python (D:2)
  12 bats
  2 frilled lizards
  10 kobolds
  A leopard gecko skeleton (D:4)
  7 rats
  A spectral orc (D:4)
154 creatures vanquished.

Notes
Turn   | Place    | Note
-------+----------+-------------------------------------------
     0 | D:1      | Azzok the Demonspawn Fighter began the quest for the Orb.
     0 | D:1      | Reached XP level 1. HP: 18/18 MP: 1/1
    34 | D:1      | Found a shattered altar of Ashenzari.
    81 | D:1      | Reached skill level 2 in Unarmed Combat
   271 | D:1      | Gained mutation: You have large cloven feet. [demonic
                  | ancestry]
   271 | D:1      | Reached XP level 2. HP: 21/24 MP: 2/2
   624 | D:1      | Reached skill level 3 in Unarmed Combat
   793 | D:1      | Reached XP level 3. HP: 25/29 MP: 3/3
  1735 | D:2      | Reached skill level 4 in Unarmed Combat
  1735 | D:2      | Reached XP level 4. HP: 31/35 MP: 4/4
  2895 | D:3      | Reached XP level 5. HP: 10/41 MP: 1/5
  3270 | D:3      | Noticed Terence
  3302 | D:3      | Killed Terence
  3302 | D:3      | Reached skill level 5 in Unarmed Combat
  3404 | D:3      | Identified the +1 helmet "Hoiwk" {*Drain +Blink rElec
                  | Int+3}
  3404 | D:3      | Noticed Robin
  3412 | D:3      | Killed Robin
  3804 | D:3      | Noticed Ijyb
  3804 | D:3      | Paralysed by Ijyb for 3 turns
  3811 | D:3      | Paralysed by Ijyb for 2 turns
  3848 | D:3      | Killed Ijyb
  4768 | D:4      | Found a basalt altar of Yredelemnul.
  4777 | D:4      | Reached XP level 6. HP: 46/47 MP: 6/6
  4848 | D:4      | Reached skill level 6 in Unarmed Combat
  5486 | D:4      | Found a staircase to the Ecumenical Temple.
  5518 | Temple   | Entered the Ecumenical Temple
  5549 | Temple   | Became a worshipper of Cheibriados the Contemplative
  5657 | D:5      | Entered Level 5 of the Dungeon
  5794 | D:5      | Noticed an ice beast
  5804 | D:5      | Killed an ice beast
  5804 | D:5      | Reached skill level 7 in Unarmed Combat
  5804 | D:5      | Gained mutation: You have hoof-like feet. [demonic
                  | ancestry]
  5804 | D:5      | Reached XP level 7. HP: 46/52 MP: 7/7
  6012 | D:5      | Found Qamp's Assorted Antiques.
  6061 | D:5      | Reached skill level 8 in Unarmed Combat
  6064 | D:5      | Learned a level 1 spell: Confusing Touch
  6455 | D:5      | Reached skill level 1 in Invocations
  6568 | D:6      | Reached * piety under Cheibriados
  6574 | D:6      | Gained mutation: You are partially covered in iridescent
                  | scales. (AC +2) [demonic ancestry]
  6574 | D:6      | Reached XP level 8. HP: 39/58 MP: 10/10
  7322 | D:6      | Reached skill level 5 in Invocations
  7348 | D:6      | Reached skill level 9 in Unarmed Combat
  7540 | D:6      | Mangled by an orc warrior

Vault maps used:
D:1:      nicolae_arrival_washed_ashore, serial_rivers,
          chequers_serial_rivers_large_a, chequers_serial_rivers_room_a,
          chequers_serial_rivers_micro_d, chequers_serial_rivers_micro_b,
          nicolae_ashenzari_panopticon
D:2:      first_ration
D:3:      roderic_lattice_a, uniq_terence, uniq_ijyb, uniq_robin
D:4:      yredelemnul_forgotten_temple_becter, temple_statues
D:5:      serial_shops, shop
D:6:      ebering_dispersal_statue_hall
Temple:   nicolae_temple_the_god_donut

Skill      XL: |  1  2  3  4  5  6  7  8 |
---------------+-------------------------+-----
Unarmed Combat | 2 3 4 5 7 8 9 |  9.1
Invocations    | 2 6 |  6.0
Fighting       | |  3.0
Armour         | |  2.6
Shields        | |  2.6

Action                   |  1- 3 |  4- 6 |  7- 9 || total
-------------------------+-------+-------+-------++-------
Melee: Unarmed           |   128 |   358 |   167 ||   653
       Kick              |    18 |    85 |    59 ||   162
 Stab: Distracted        |       |     1 |       ||     1
  Eat: Chunk             |     3 |    13 |     5 ||    21
Armor: Scale mail        |    44 |    82 |       ||   126
       Chain mail        |       |    40 |    80 ||   120
Dodge: Dodged            |    26 |    74 |    19 ||   119
Block: Shield            |    60 |   142 |    46 ||   248

Table legend:
 A = Non-vault XP
 B = Vault XP
 C = Vault XP percentage of total XP
 D = Non-vault monster count
 E = Vault monster count
 F = Vault count percentage of total count
                 A         B        C        D         E       F
            +---------+---------+-------+---------+---------+-------
      Total |    2130 |     111 |   5.0 |     138 |      16 |  10.4
            +---------+---------+-------+---------+---------+-------
        D:1 |      53 |       0 |   0.0 |      27 |       0 |   0.0
        D:2 |      88 |       0 |   0.0 |      20 |       0 |   0.0
        D:3 |     125 |     110 |  46.8 |      33 |      15 |  31.2
        D:4 |     313 |       1 |   0.3 |      23 |       1 |   4.2
        D:5 |     586 |       0 |   0.0 |      13 |       0 |   0.0
        D:6 |     965 |       0 |   0.0 |      22 |       0 |   0.0
            +---------+---------+-------+---------+---------+-------
